 Dungeon Crawl Stone Soup version 0.29.1-4-g47bece8355 (webtiles) character file.

Game seed: 155299353805434109

2000 kingsuperguy the Cleaver (level 9, 0/79 HPs)
             Began as a Hill Orc Monk on Dec 2, 2022.
             Was a Believer of Beogh.
             Slain by a wyvern (13 damage)
             ... on level 7 of the Dungeon.
             The game lasted 00:15:08 (10449 turns).

kingsuperguy the Cleaver (Hill Orc Monk)           Turns: 10449, Time: 00:15:09

Health: 0/79       AC:  7    Str: 18    XL:     9   Next: 22%
Magic:  9/9        EV: 12    Int: 10    God:    Beogh [**....]
Gold:   233        SH:  5    Dex: 13    Spells: 8/8 levels left

rFire   . . .      SeeInvis .   a - +0 hand axe
rCold   . . .      Faith    .   (no shield)
rNeg    . . .      Spirit   .   d - +0 ring mail
rPois   .          Reflect  +   (no helmet)
rElec   .          Harm     .   (no cloak)
rCorr   .          Rampage  .   (no gloves)
Will    .....                   n - +0 pair of boots
Stlth   ++........              i - amulet of reflection
HPRegen 0.23/turn               (no ring)
MPRegen 0.11/turn               (no ring)

@: no status effects
A: mutation resistance 1
a: Renounce Religion, Smiting


You were on level 7 of the Dungeon.
You worshipped Beogh.
Beogh was pleased with you.
You visited 1 branch of the dungeon, and saw 7 of its levels.
You also visited: Ossuary.

You collected 233 gold pieces.

Inventory:

Hand Weapons
 a - a +0 hand axe (weapon)
 j - a +0 whip of freezing
Missiles
 s - 6 poisoned darts (quivered)
 y - a javelin
 C - a throwing net
 G - 4 boomerangs
Armour
 b - a +0 robe
 d - a +0 ring mail (worn)
 n - a +0 pair of boots (worn)
Jewellery
 i - an amulet of reflection (around neck)
 z - an amulet of guardian spirit
 B - a +6 ring of dexterity
Scrolls
 e - 2 scrolls of poison
 f - 4 scrolls of fear {unknown}
 g - a scroll of amnesia
 h - a scroll of enchant weapon
 l - 9 scrolls of teleportation
 o - 2 scrolls of enchant armour
 q - 3 scrolls of torment {unknown}
 u - 2 scrolls of butterflies {unknown}
 v - 2 scrolls of magic mapping {unknown}
 A - a scroll of identify
 E - a scroll of summoning {unknown}
 F - a scroll of vulnerability {unknown}
Potions
 k - 3 potions of resistance {unknown}
 m - 2 potions of heal wounds {unknown}
 p - a potion of invisibility
 r - a potion of magic
 t - a potion of might
 w - a potion of brilliance {unknown}
 x - 2 potions of haste
 D - a potion of berserk rage


   Skills:
 + Level 7.0 Fighting
 + Level 9.8 Axes
 + Level 0.4 Throwing
 + Level 6.9 Armour
 + Level 3.9 Dodging
 + Level 3.1 Stealth
 + Level 0.8 Shields


You had 8 spell levels left.
You didn't know any spells.
Your spell library contained the following spells:

 Spells                   Type           Power      Damage    Failure   Level
 Sublimation of Blood     Necr           0%         N/A       67%         2
 Conjure Flame            Conj/Fire      0%         6-21      88%         3
 Ignite Poison            Fire/Tmut/Pois 0%         N/A       88%         3
 Portal Projectile        Hex/Tloc       0%         N/A       88%         3
 Tukima's Dance           Hex            0%         N/A       88%         3
 Petrify                  Tmut/Erth      0%         N/A       99%         4
 Sticky Flame             Conj/Fire      0%         2d3       99%         4
 Blade Hands              Tmut           0%         N/A       100%        5
 Fireball                 Conj/Fire      0%         3d3       100%        5
 Irradiate                Conj/Tmut      0%         3d11      100%        5
 Starburst                Conj/Fire      0%         6d3       100%        6
 Ignition                 Fire           0%         3d3       100%        8


Dungeon Overview and Level Annotations

Branches:
Dungeon (7/15)             Temple (0/1) D:7         Ossuary (visited)

Altars:
Dithmenos
Gozag
Hepliaklqana
Qazlal
Ru

Annotations:
D:5 1 runed translucent door
D:6 2 transporters


Innate Abilities, Weirdness & Mutations

You are somewhat resistant to further mutation.


Message History

You now have 233 gold pieces (gained 17).
A wyvern comes into view.
The wyvern hisses angrily.
A wyvern is nearby!
Found a whip.
You hit the wyvern.
The wyvern is lightly wounded.
The wyvern completely misses you.
You hit the wyvern but do no damage.
The wyvern is lightly wounded.
The wyvern bites you!
You closely miss the wyvern.
The wyvern is lightly wounded.
The wyvern bites you! The wyvern bites you.
You hit the wyvern.
The wyvern is moderately wounded.
The wyvern bites you!
You slash the wyvern!
The wyvern is severely wounded.
The wyvern bites you!
You are too injured to fight recklessly!
You are too injured to fight recklessly!
You hit the wyvern but do no damage.
The wyvern is severely wounded.
The wyvern bites you.
You hit the wyvern.
The wyvern is severely wounded.
The wyvern bites you!
* * * LOW HITPOINT WARNING * * *
You hit the wyvern.
The wyvern is severely wounded.
The wyvern closely misses you. x2
You feel better. The wyvern bites you.
* * * LOW HITPOINT WARNING * * *
You hit the wyvern but do no damage.
The wyvern is severely wounded.
The wyvern bites you!
* * * LOW HITPOINT WARNING * * *
You feel better. The wyvern misses you. The wyvern bites you!
You die...

................#
.##.............# ..##
................. ...# .
......##......#.##......
.#...........#..#... ...
..###........##.#.. ....
.. ###......##..# ...).
# ###......#..#.:....
##..........@l......
#...........##......
.............## .....
................. ....
................# ...
...........####.# .#
...........# ... #
.#...?....# ..
..........


You could see a wyvern.

Vanquished Creatures
  Pikel (D:4)
  Prince Ribbit (D:6)
  Sigmund (D:4)
  A centaur (D:6)
  4 lemures
  2 necrophages (D:6)
  5 scorpions
  A howler monkey (D:4)
  2 jellies (D:4)
  2 centaur zombies (Ossuary)
  3 hounds (D:5)
  A human zombie (Ossuary)
  2 iguanas (D:4)
  3 orc wizards
  6 mummies
  7 adders
  A shadow imp (D:5)
  A white imp (D:6)
  3 ufetubi (D:5)
  6 worms
  2 dart slugs
  15 orcs
  4 ball pythons
  9 bats
  11 endoplasms
  5 giant cockroaches
  6 hobgoblins
  A quokka (D:2)
  4 frilled lizards
  8 goblins
  6 kobolds
  2 kobold zombies (Ossuary)
  3 orc zombies (Ossuary)
  2 rats
131 creatures vanquished.

Notes
Turn   | Place    | Note
-------+----------+-------------------------------------------
     0 | D:1      | kingsuperguy the Hill Orc Monk began the quest for the Orb.
     0 | D:1      | Reached XP level 1. HP: 19/19 MP: 1/1
   229 | D:1      | Reached XP level 2. HP: 22/27 MP: 2/2
  1169 | D:1      | Reached XP level 3. HP: 31/33 MP: 3/3
  1478 | D:2      | Reached skill level 5 in Axes
  1663 | D:2      | Found a sacrificial altar of Ru.
  2192 | D:2      | Reached skill level 1 in Armour
  2194 | D:2      | Reached XP level 4. HP: 36/40 MP: 4/4
  3150 | D:4      | Reached skill level 6 in Axes
  3150 | D:4      | Reached XP level 5. HP: 32/46 MP: 5/5
  3481 | D:4      | HP: 3/69 [acid (7)]
  3743 | D:4      | Noticed a lemure
  3952 | D:3      | Noticed an air elemental
  3954 | D:3      | Found a stormy altar of Qazlal.
  3956 | D:3      | Noticed a fire elemental
  3956 | D:3      | Noticed a water elemental
  3985 | D:3      | Found an opulent altar of Gozag.
  4011 | D:3      | Reached XP level 6. HP: 43/52 MP: 6/6
  4692 | D:4      | Noticed Pikel
  4897 | D:4      | Noticed Sigmund
  5505 | D:4      | Killed Sigmund
  5506 | D:4      | Reached skill level 5 in Fighting
  5506 | D:4      | Reached skill level 7 in Axes
  5506 | D:4      | Reached XP level 7. HP: 17/61 MP: 7/7
  6426 | D:4      | Killed Pikel
  6427 | D:4      | Reached skill level 8 in Axes
  6427 | D:4      | Reached skill level 5 in Armour
  6427 | D:4      | Reached XP level 8. HP: 32/70 MP: 8/8
  6949 | D:4      | Became a worshipper of Beogh the Brigand
  6949 | D:4      | Reached * piety under Beogh
  6949 | D:4      | Reached ** piety under Beogh
  7054 | D:5      | Entered Level 5 of the Dungeon
  7120 | D:5      | Found a sand-covered staircase.
  7210 | Ossuary  | Entered an ossuary
  7277 | Ossuary  | Gained mutation: You are somewhat resistant to further
                  | mutation. [potion of mutation]
  8127 | D:5      | Found a runed translucent door.
  8144 | D:5      | Found a shadowy altar of Dithmenos.
  8594 | D:6      | Found a transporter.
  8848 | D:6      | Noticed a kobold demonologist
  8910 | D:6      | Reached skill level 9 in Axes
  9368 | D:6      | Found a hazy altar of Hepliaklqana.
  9428 | D:6      | Noticed Prince Ribbit
  9445 | D:6      | Killed Prince Ribbit
  9446 | D:6      | Reached XP level 9. HP: 18/78 MP: 9/9
  9864 | D:6      | Found a transporter.
  9948 | D:6      | Noticed a kobold demonologist
 10408 | D:7      | Found a staircase to the Ecumenical Temple.
 10449 | D:7      | Slain by a wyvern

Illustrated notes

Levels and vault maps discovered:
D:1:      dpeg_arrival_central, layout_basic
D:2:      layout_basic, basic_altar, grunt_ministairs_15
D:3:      minmay_razor_zed, layout_basic,
          nicolae_gozag_cash_rules_everything_around_me,
          nicolae_qazlal_style_of_elements, kennysheep_flooded_box,
          kennysheep_generic_room_14
D:4:      layout_basic, wad_floor_pattern_untrapped, uniq_sigmund, uniq_pikel
D:5:      layout_basic, grunt_dithmenos_shadows, gup_ossuary_entry_pyramid,
          solitary_fountain, lightli_church_of_beogh
D:6:      gammafunk_wand_slinger, layout_basic,
          nicolae_hepliaklqana_hippocampus, uniq_prince_ribbit1
D:7:      layout_cave_pools, mainiacjoe_overflow_alcove_1,
          minmay_temple_entry_statues_fountains

Skill      XL: |  1  2  3  4  5  6  7  8  9 |
---------------+----------------------------+-----
Axes           | 5 6 7 8 9 |  9.8
Fighting       | 4 5 6 7 |  7.0
Armour         | 1 2 3 5 6 |  6.9
Dodging        | 3 |  3.9
Stealth        | 2 3 |  3.1
Throwing       | |  0.4
Shields        | |  0.8

Action                   |  1- 3 |  4- 6 |  7- 9 || total
-------------------------+-------+-------+-------++-------
Melee: Hand axe          |   107 |   251 |   377 ||   735
       Punch             |     1 |     5 |     2 ||     8
Throw: Javelin           |       |       |     4 ||     4
       Dart              |       |       |     3 ||     3
Invok: Convert to Beogh  |       |       |     1 ||     1
  Use: Potion            |       |     8 |     8 ||    16
       Scroll            |       |       |     5 ||     5
 Stab: Sleeping          |     1 |       |     3 ||     4
       Invisible         |       |       |     3 ||     3
Armor: Ring mail         |    34 |    78 |   103 ||   215
       Skin              |       |       |    22 ||    22
Dodge: Dodged            |    53 |   143 |   189 ||   385
Block: Other             |       |       |    24 ||    24
       Reflection        |       |       |     1 ||     1
